[Event "*** SCC Grand Prix: Titled Tuesday Blitz"]
[Site "Chess.com"]
[Date "2020.08.04"]
[Round "2"]
[White "Klavdia_Nik"]
[Black "Donskov_AN"]
[Result "0-1"]
[WhiteElo "2005"]
[BlackElo "2396"]
[TimeControl "180+1"]
[EndTime "14:01:26 PDT"]
[Termination "Donskov_AN won on time"]

1. Nf3 d5 2. c4 d4 3. d3 Nf6 4. b4 e5 5. Nxe5 Bxb4+ 6. Bd2 Bxd2+ 7. Nxd2 O-O 8. g3 Nbd7 9. Nef3 c5 10. Bg2 Re8 11. O-O Qc7 12. Rb1 Rb8 13. Re1 b6 14. Ng5 Bb7 15. Nge4 Bc6 16. a4 h6 17. Qc2 Nxe4 18.
Bxe4 Bxe4 19. Nxe4 f5 20. Nd2 Ne5 21. Nf3 Nxf3+ 22.
exf3 Qc6 23. f4 Qf3 24. h4 Kh7 25. Qd2 Kg6 26. Kh2 Kh5 27. Qd1 Kg4 28. Qxf3+ Kxf3 29. Kg1 Re2 30. Rxe2 Kxe2 31. Rb3 Kd2 32. a5 Kc2 33. Ra3 b5 34. cxb5 Rxb5 35. Kg2 Kb2 36. Ra4 Rb4 37. Rxb4+ cxb4 0-1

[Event "*** SCC Grand Prix: Titled Tuesday Blitz"]
[Site "Chess.com"]
[Date "2020.08.04"]
[Round "2"]
[White "BlackBoarder"]
[Black "Beca95"]
[Result "0-1"]
[WhiteElo "2571"]
[BlackElo "2882"]
[TimeControl "180+1"]
[EndTime "14:01:31 PDT"]
[Termination "Beca95 won on time"]

1. e4 d6 2. d4 Nf6 3. Nc3 Nbd7 4. Nf3 e5 5. Bc4 Be7 6. O-O c6 7. a4 h6 8. Re1 Qc7 9. h3 g5 10. Nh2 Nf8 11. Nf1 g4 12. h4 Ng6 13. g3 exd4 14. Qxd4 Ne5 15. Be2 Be6 16. Bf4 Nfd7 17. Ne3 Qb6 18.
Qxb6 axb6 19. Rad1 h5 20. Nf5 Bxf5 21. exf5 f6 22. b3 d5 23. Kg2 Kf7 24. Be3 Bb4 25. Bd2 Bc5 26. Na2 b5 27. b4 Bf8 28. a5 Nb8 29. Nc1 Na6 30. c3 Nc7 31. Nd3 Ne8 32. Bf4 Nc4 33. Bf1 Bd6 34. Re6 Bxf4 35. Nxf4 Ng7 36.
Rde1 Ne5 0-1

[Event "*** SCC Grand Prix: Titled Tuesday Blitz"]
[Site "Chess.com"]
[Date "2020.08.04"]
[Round "2"]
[White "kingmonkey2006"]
[Black "exoticprincess"]
[Result "0-1"]
[WhiteElo "2523"]
[BlackElo "2829"]
[TimeControl "180+1"]
[EndTime "14:01:33 PDT"]
[Termination "exoticprincess won by resignation"]

1. e4 c6 2. Nc3 d5 3. Nf3 Bg4 4. h3 Bxf3 5. Qxf3 e6 6. Be2 Nd7 7. d4 g6 8. O-O Bg7 9. Be3 Ne7 10. Rad1 O-O 11. Bg5 h6 12. Bc1 Kh7 13. Qg3 f5 14. e5 c5 15. f4 cxd4 16. Nb5 Nc6 17. Nxd4 Nxd4 18. Rxd4 g5 19. Kh1 Rg8 20. Rb4 b6 21. fxg5 Bxe5 22. Qh4 Rxg5 23. Bxg5 Qxg5 24. Qxg5 hxg5 25.
Bb5 Nc5 26. Re1 Ne4 27. Bd7 Bg3 28. Re2 Bd6 29. Rb3 Kg6 30. Kg1 Kf6 31. Rf3 Rd8 32. Bb5 Ke5 33. Bd3 Bc5+ 34. Kf1 Rh8 35. g4 f4 36. Kg2 a5 37. Rf1 Be3 38. Rf3 d4 39.
c4 a4 40. Rf1 Ng3 0-1

[Event "*** SCC Grand Prix: Titled Tuesday Blitz"]
[Site "Chess.com"]
[Date "2020.08.04"]
[Round "2"]
[White "Chessbard1972"]
[Black "KaterynaLagno"]
[Result "0-1"]
[WhiteElo "2309"]
[BlackElo "2716"]
[TimeControl "180+1"]
[EndTime "14:01:36 PDT"]
[Termination "KaterynaLagno won by resignation"]

1. e4 e5 2. Nf3 Nc6 3. Bb5 g6 4. c3 Bg7 5. d4 exd4 6. cxd4 a6 7. Bc4 b5 8. Bb3 Nge7 9. d5 Na5 10. Bc2 d6 11. O-O O-O 12. h3 c5 13. Nc3 Nc4 14.
Rb1 h6 15. Ne2 Bd7 16. b3 Nb6 17. Bf4 Be8 18. Qd2 g5 19. Bh2 f6 20. Rbd1 Bg6 21. Ng3 Qd7 22. Rfe1 Rae8 23. Nf5 Nxf5 24. exf5 Rxe1+ 25.
Rxe1 Bxf5 26. Bxf5 Qxf5 27. Bxd6 Rd8 28. Bxc5 Rxd5 29.
Qe3 Rxc5 30. Nd4 Qc8 31. Ne6 Re5 32. Qd2 Rxe6 0-1

[Event "*** SCC Grand Prix: Titled Tuesday Blitz"]
[Site "Chess.com"]
[Date "2020.08.04"]
[Round "2"]
[White "serena-maria"]
[Black "onnoelgersma"]
[Result "0-1"]
[WhiteElo "2250"]
[BlackElo "2454"]
[TimeControl "180+1"]
[EndTime "14:01:44 PDT"]
[Termination "onnoelgersma won by checkmate"]

1. Nf3 d5 2. g3 Nf6 3. Bg2 e6 4.
O-O Be7 5. d4 O-O 6. c4 dxc4 7.
Qa4 a6 8. Qxc4 b5 9. Qc2 Bb7 10. Bd2 Be4 11. Qc1 c6 12. Nc3 Bd5 13. Nxd5 cxd5 14.
Qe1 Nc6 15. Rc1 Rc8 16. Ne5 Nxd4 17. Rxc8 Qxc8 18. e3 Nc6 19. Bc3 Nxe5 20. Bxe5 Qb7 21. Qd2 Rc8 22. Rc1 Nd7 23. Bd4 Bf6 24. Rxc8+ Qxc8 25. Bxf6 Nxf6 26. Bf3 h6 27. b3 Qc6 28.
Kg2 e5 29. Qa5 g5 30. h4 Kg7 31. hxg5 hxg5 32. Qd8 Qe6 33. Be2 g4 34. Bd3 Qc6 35. a4 d4+ 36. Kh2 dxe3 37. fxe3 Qf3 38. axb5 axb5 39. Bxb5 Qf2+ 40. Kh1 Qxg3 41. Qd3 Qf3+ 42. Kg1 Ne4 43. Qe2 Qg3+ 44. Qg2 Qxe3+ 45. Kh2 g3+ 46. Kh3 Nf2+ 47. Kh4 Qf4+ 48. Kh5 Qg4# 0-1

[Event "*** SCC Grand Prix: Titled Tuesday Blitz"]
[Site "Chess.com"]
[Date "2020.08.04"]
[Round "2"]
[White "Zkid"]
[Black "Siemba"]
[Result "1-0"]
[WhiteElo "2792"]
[BlackElo "2400"]
[TimeControl "180+1"]
[EndTime "14:01:46 PDT"]
[Termination "Zkid won by checkmate"]

1. e4 d5 2. exd5 Nf6 3. Bb5+ Nbd7 4. c4 a6 5. Ba4 b5 6. cxb5 Nxd5 7. Nc3 N5b6 8. Bb3 axb5 9. d4 b4 10. Ne4 e6 11.
Nf3 Bb7 12. Qe2 c5 13. dxc5 Bxc5 14. Bg5 Qb8 15. O-O Ba6 16. Qc2 Bxf1 17. Nxc5 Bb5 18.
Nxe6 fxe6 19. Bxe6 Qc8 20. Qf5 Rf8 21. Qxh7 Rf6 22.
Bxf6 gxf6 23. Nd4 Bc4 24. Qg8+ Ke7 25. Nf5# 1-0

[Event "*** SCC Grand Prix: Titled Tuesday Blitz"]
[Site "Chess.com"]
[Date "2020.08.04"]
[Round "2"]
[White "CzechmVIII"]
[Black "Char_dasha"]
[Result "0-1"]
[WhiteElo "2157"]
[BlackElo "2419"]
[TimeControl "180+1"]
[EndTime "14:01:46 PDT"]
[Termination "Char_dasha won on time"]

1. e4 d5 2. exd5 Qxd5 3. Nc3 Qd6 4. d4 Nf6 5. Nf3 g6 6. Nb5 Qb6 7. a4 c6 8. a5 Qd8 9. Nc3 Bg7 10. h3 O-O 11. Bd3 Be6 12. Ng5 Bc8 13. O-O Qxd4 14.
Be3 Qd6 15. Qf3 Nbd7 16. Rfd1 Ne5 17. Qe2 Nxd3 18. Rxd3 Qc7 19. Bc5 Bf5 20. Re3 Nd5 21. Nxd5 cxd5 22. Bxe7 Rfe8 23. c3 d4 24. cxd4 Bxd4 25.
Ba3 Bxe3 26. fxe3 Qe5 27. Re1 Rac8 28. Nf3 Qg7 29. e4 Rxe4 30. Qf1 Rxe1 31. Qxe1 Be6 32. Qf2 Qh6 33. Qxa7 Rc1+ 0-1

[Event "*** SCC Grand Prix: Titled Tuesday Blitz"]
[Site "Chess.com"]
[Date "2020.08.04"]
[Round "2"]
[White "Firouzja2003"]
[Black "Ermito2020"]
[Result "1-0"]
[WhiteElo "3030"]
[BlackElo "2670"]
[TimeControl "180+1"]
[EndTime "14:01:47 PDT"]
[Termination "Firouzja2003 won by resignation"]

1. e4 e5 2. Nf3 Nc6 3. Bb5 a6 4. Ba4 Nf6 5. O-O b5 6. Bb3 Bc5 7. c3 d6 8. a4 Rb8 9. d4 Bb6 10.
a5 Ba7 11. Re1 O-O 12. Be3 h6 13. h3 Re8 14. Nbd2 Ra8 15. Qb1 Bb7 16. Qa2 Qd7 17.
dxe5 Nxe5 18. Nxe5 dxe5 19. Bxa7 Rxa7 20. Rad1 Qe7 21.
Bc2 c5 22. Nf1 Raa8 23. Ne3 g6 24. c4 Red8 25. Nd5 Bxd5 26. exd5 Qd6 27. Bd3 Rdb8 28. b3 Nd7 29. Qe2 b4 30. Qg4 Kg7 31. Re3 Nf6 32.
Qg3 Re8 33. Rde1 Nd7 34. h4 h5 35. Qg5 Qf6 36. f4 Qxg5 37. hxg5 f6 38. gxf6+ Kxf6 39. Rg3 Nf8 40. fxe5+ Rxe5 41. Rf3+ Rf5 42. Bxf5 gxf5 43. Rfe3 f4 44. Re8 Rxe8 45. Rxe8 Ng6 46. Re6+ Kf5 47. Rxa6 Ne5 48. Rh6 Ke4 49. Re6 f3 50. Rxe5+ 1-0

[Event "*** SCC Grand Prix: Titled Tuesday Blitz"]
[Site "Chess.com"]
[Date "2020.08.04"]
[Round "2"]
[White "ClydeHillKid"]
[Black "DariaVoit"]
[Result "0-1"]
[WhiteElo "2309"]
[BlackElo "2538"]
[TimeControl "180+1"]
[EndTime "14:01:47 PDT"]
[Termination "DariaVoit won by resignation"]

1. e4 e6 2. d3 d5 3. Nd2 g6 4. Ngf3 Bg7 5. g3 c5 6. Bg2 Nc6 7. O-O Nge7 8. Re1 O-O 9. Qe2 e5 10. exd5 Nxd5 11. Ne4 b6 12. c3 h6 13. h4 Be6 14. a3 f5 15. Ned2 Bf7 16. Nc4 Re8 17. Ne3 Nde7 18. b4 e4 19. dxe4 fxe4 20. Nd2 Bxc3 21.
Rb1 Nd4 22. Qd1 Ba2 23. Bb2 Bxd2 24. Qxd2 Bxb1 25. Qc3 Nd5 26. Nxd5 Qxd5 27. bxc5 bxc5 28. Bf1 Bd3 29. Rd1 Bxf1 30. Kxf1 Rad8 31. Kg1 Ne2+ 32.
Kg2 Nxc3 0-1

[Event "*** SCC Grand Prix: Titled Tuesday Blitz"]
[Site "Chess.com"]
[Date "2020.08.04"]
[Round "2"]
[White "Slovak_fighter2000"]
[Black "Sacbutt"]
[Result "1-0"]
[WhiteElo "2435"]
[BlackElo "2226"]
[TimeControl "180+1"]
[EndTime "14:01:52 PDT"]
[Termination "Slovak_fighter2000 won by resignation"]

1. d4 e5 2. dxe5 Nc6 3. Nf3 Qe7 4. Bf4 Qb4+ 5. Bd2 Qxb2 6. Nc3 Bb4 7. Rb1 Qa3 8. Nd5 Ba5 9. g3 Nge7 10. Ne3 Bxd2+ 11.
Qxd2 Qxa2 12. Rd1 O-O 13. Bg2 Ng6 14. Nd5 Ngxe5 15. Nxe5 Nxe5 16. Nxc7 Rb8 17. O-O a6 18. Qd6 Nc4 19. Qf4 b5 20. Nd5 d6 21. Nb4 Qb2 22.
Nc6 Rb6 23. Ne7+ Kh8 24. Rd4 Be6 25. Qe4 Re8 26. Qxh7+ 1-0

[Event "*** SCC Grand Prix: Titled Tuesday Blitz"]
[Site "Chess.com"]
[Date "2020.08.04"]
[Round "2"]
[White "ftorodent"]
[Black "Parhamov"]
[Result "0-1"]
[WhiteElo "2661"]
[BlackElo "3020"]
[TimeControl "180+1"]
[EndTime "14:01:55 PDT"]
[Termination "Parhamov won by resignation"]

1. d4 Nf6 2. c4 g6 3. Nc3 d5 4.
Nf3 Bg7 5. cxd5 Nxd5 6. Bg5 h6 7. Bh4 c5 8. Rc1 Nc6 9. Nxd5 Qxd5 10. Rxc5 Qxa2 11.
Qc1 O-O 12. e3 Be6 13. Bc4 Bxc4 14. Rxc4 e6 15. O-O Rac8 16. Rc3 a6 17. Qd2 Qd5 18. Rc5 Qd7 19. Rfc1 Rfe8 20. h3 Na7 21. Bg3 Rxc5 22. Rxc5 Rc8 23. Qc3 Rxc5 24. Qxc5 Nc6 25. Qb6 Ne7 26.
Ne5 Qc8 27. Nd3 Nd5 28. Qb3 b5 29. Bd6 Qc6 30. Bc5 a5 31. Qd1 a4 32. Qf3 Qd7 33.
Qe4 Qc8 34. g4 Qb8 35. Nb4 Nxb4 36. Bxb4 Bf8 37. Bc5 b4 38. Qc6 a3 39. bxa3 bxa3 40. Bxf8 a2 0-1

[Event "*** SCC Grand Prix: Titled Tuesday Blitz"]
[Site "Chess.com"]
[Date "2020.08.04"]
[Round "2"]
[White "Belka1989"]
[Black "vovachesss"]
[Result "0-1"]
[WhiteElo "2312"]
[BlackElo "2584"]
[TimeControl "180+1"]
[EndTime "14:01:58 PDT"]
[Termination "vovachesss won by checkmate"]

1. d4 Nf6 2. Nf3 c6 3. Bf4 d5 4. e3 Bg4 5. c4 e6 6. Qb3 Qc8 7.
Nbd2 Nbd7 8. Rc1 a5 9. c5 Be7 10. Bd3 O-O 11. O-O a4 12. Qc2 Bd8 13. Ne5 Bh5 14.
e4 Bc7 15. Nxd7 Bxf4 16. Nxf6+ gxf6 17. exd5 Bxd2 18. Qxd2 cxd5 19. Qf4 Bg6 20. Rc3 Kg7 21. h4 Qb8 22. Qg4 h5 23. Qf3 Qc7 24. Re1 Rad8 25. Bxg6 fxg6 26. Rxe6 Rf7 27. Rce3 Rdd7 28. Qe2 Qf4 29.
Re7 Rdxe7 30. Rxe7 Qxd4 31. Rxf7+ Kxf7 32. Qb5 Ke6 33. Qb6+ Kf5 34. Qxb7 Qxc5 35. Qd7+ Ke5 36. Qe8+ Kf5 37. Qe2 Qc1+ 38. Kh2 Qf4+ 39. g3 Qe4 40. Kh3 Qxe2 41. g4+ Qxg4+ 42. Kh2 Kf4 43. b4 Kf3 44. a3 Qg2# 0-1

[Event "*** SCC Grand Prix: Titled Tuesday Blitz"]
[Site "Chess.com"]
[Date "2020.08.04"]
[Round "2"]
[White "Shushik"]
[Black "Lion-Al-Messi"]
[Result "0-1"]
[WhiteElo "2288"]
[BlackElo "2475"]
[TimeControl "180+1"]
[EndTime "14:02:00 PDT"]
[Termination "Lion-Al-Messi won on time"]

1. e4 b6 2. d4 Bb7 3. Nc3 e6 4. Nf3 Bb4 5. Qe2 Nf6 6. Bg5 h6 7. Bxf6 Qxf6 8. a3 Bxc3+ 9. bxc3 d6 10. g3 Nd7 11. Bg2 e5 12. O-O O-O 13. Rad1 Rae8 14. d5 Nc5 15. Nd2 Ba6 16. c4 Qe7 17. Nb3 Qd7 18.
Nd2 Qa4 19. c3 Nb3 20. Nxb3 Qxb3 21. Qe3 Qxc4 22. Rfe1 Qc5 23. Qd2 f5 24. exf5 Rxf5 25. Bh3 Rf6 26. Be6+ Kh8 27. Kg2 Ref8 28. Re3 Bc4 29.
f3 a5 30. a4 Bb3 31. Ra1 e4 32. fxe4 Bc4 33. Bf5 Bxd5 34. exd5 Rxf5 35. Re2 Rxd5 36. Qc2 Re5 37. Rae1 Qd5+ 38. Kg1 Rxe2 39. Qxe2 Qf3 40. Qe7 Kh7 41. Qe6 Rf6 42. Qe7 Qc6 43. Re3 Qxa4 44.
Re1 Qc6 45. Re3 a4 46. Re1 a3 0-1

[Event "*** SCC Grand Prix: Titled Tuesday Blitz"]
[Site "Chess.com"]
[Date "2020.08.04"]
[Round "2"]
[White "Dr-Bassem"]
[Black "TST2014"]
[Result "0-1"]
[WhiteElo "2781"]
[BlackElo "2525"]
[TimeControl "180+1"]
[EndTime "14:02:01 PDT"]
[Termination "TST2014 won on time"]

1. e4 c5 2. Nf3 Nc6 3. g3 g6 4. Bg2 Bg7 5. O-O Nf6 6. d3 O-O 7. Re1 d5 8. e5 Ng4 9. Bf4 f6 10. exf6 exf6 11. Nc3 Kh8 12. d4 cxd4 13. Nxd4 Qb6 14.
Ncb5 Nge5 15. a4 a6 16. Nxc6 bxc6 17. Nd4 Bg4 18. Qd2 Nc4 19. Qc3 f5 20. Be3 c5 21.
Bxd5 Nxe3 22. Qxe3 cxd4 23. Qe7 Ra7 24. a5 Qb8 25.
Qc5 Rc7 26. Qd6 Rxc2 27. Qxa6 Rxb2 0-1

[Event "*** SCC Grand Prix: Titled Tuesday Blitz"]
[Site "Chess.com"]
[Date "2020.08.04"]
[Round "2"]
[White "Sashadav97"]
[Black "igorkovalenko"]
[Result "0-1"]
[WhiteElo "2590"]
[BlackElo "2891"]
[TimeControl "180+1"]
[EndTime "14:02:02 PDT"]
[Termination "igorkovalenko won on time"]

1. d4 Nf6 2. c4 e6 3. Nc3 Bb4 4. e3 O-O 5. Bd3 c5 6. Nf3 Nc6 7. O-O Bxc3 8. bxc3 d6 9. Nd2 e5 10. d5 Ne7 11. e4 Ng6 12. Re1 Ng4 13. Nf1 Qh4 14.
Qf3 Nh6 15. g3 Qh3 16. Ne3 Ng4 17. Nf1 f5 18. Qg2 Qxg2+ 19. Kxg2 fxe4 20. Bxe4 Rxf2+ 21. Kg1 Rf8 22. Ne3 Nxe3 23. Bxe3 Bf5 24. Bxf5 Rxf5 25.
Rab1 Rf7 26. a4 Raf8 27. a5 Rd7 28. Rb2 Rff7 29. Kg2 h6 30. Reb1 Nf8 31. Re1 Nh7 32. Reb1 Nf6 33. Rb3 Kf8 34. R1b2 Ke8 35. Re2 Kd8 36.
Bd2 Kc8 37. Rb1 Rde7 38. Rbe1 Nd7 39. Be3 b6 40. Ra1 bxa5 41. Rxa5 Nb6 42. Bxc5 dxc5 43. d6 Re6 44. Rxc5+ Kd7 45. Ra5 Kc6 46. Rd2 e4 47. c5 e3 48. Re2 Nc4 49. Ra4 Kxc5 0-1

[Event "*** SCC Grand Prix: Titled Tuesday Blitz"]
[Site "Chess.com"]
[Date "2020.08.04"]
[Round "2"]
[White "kosya4ok"]
[Black "Cambek64"]
[Result "1-0"]
[WhiteElo "2731"]
[BlackElo "2361"]
[TimeControl "180+1"]
[EndTime "14:02:02 PDT"]
[Termination "kosya4ok won by resignation"]

1. e4 e6 2. d4 d5 3. Nc3 Nc6 4. e5 Nge7 5. Nf3 Nf5 6. Bb5 Bd7 7. O-O Be7 8. a4 h5 9. b3 g5 10. Ne2 g4 11. Ne1 a6 12. Bxc6 Bxc6 13. Nd3 b6 14.
Ba3 Bxa3 15. Rxa3 Qe7 16. Ra1 O-O-O 17. a5 Bb5 18. Qd2 Kb7 19. Rfc1 Bxd3 20. Qxd3 b5 21. Nf4 c5 22. c3 cxd4 23. c4 Qg5 24. cxb5 Rb8 25.
Ne2 Rhc8 26. bxa6+ Ka8 27. Rxc8 Rxc8 28. Qb5 Rc7 29. Qb6 Qe7 30. Nxd4 h4 31. Nc6 1-0

[Event "*** SCC Grand Prix: Titled Tuesday Blitz"]
[Site "Chess.com"]
[Date "2020.08.04"]
[Round "2"]
[White "bratkoo"]
[Black "Artur0208"]
[Result "0-1"]
[WhiteElo "2503"]
[BlackElo "2779"]
[TimeControl "180+1"]
[EndTime "14:02:03 PDT"]
[Termination "Artur0208 won by resignation"]

1. e4 e5 2. Nf3 Nc6 3. Bc4 Bc5 4.
O-O Nf6 5. d3 O-O 6. a4 a5 7. c3 d6 8. Na3 Bg4 9. h3 Bh5 10. Nc2 Kh8 11. Be3 Nd7 12. g4 Bg6 13.
h4 h5 14. Ng5 Nf6 15. Bxc5 dxc5 16. Ne3 hxg4 17. Nxg4 Nh5 18. Ne3 Nf4 19. Nd5 Nxd5 20.
Bxd5 Ne7 21. Bc4 Ng8 22. f4 exf4 23. Rxf4 Qd6 24. Qf3 Nh6 25. Rf1 f6 26. Ne6 Rf7 27.
h5 Bh7 28. d4 cxd4 29. cxd4 Re7 30. e5 fxe5 31. Rf8+ Rxf8 32. Qxf8+ Bg8 33. Rf6 Rxe6 34.
Rxe6 Qxf8 0-1

[Event "*** SCC Grand Prix: Titled Tuesday Blitz"]
[Site "Chess.com"]
[Date "2020.08.04"]
[Round "2"]
[White "tlomigtlis"]
[Black "kuban1991"]
[Result "0-1"]
[WhiteElo "2413"]
[BlackElo "2755"]
[TimeControl "180+1"]
[EndTime "14:02:04 PDT"]
[Termination "kuban1991 won by checkmate"]

1. d4 g6 2. c4 Bg7 3. g3 c5 4. Nf3 cxd4 5. Nxd4 Nc6 6. Nc2 h5 7. Bg2 h4 8. O-O d6 9. Nc3 hxg3 10. fxg3 Nf6 11. e4 Ne5 12. b3 Nfg4 13. h3 Qb6+ 14. Nd4 Nxc4 15. Ne2 Nce3 16. Qd3 Nxf1 17. hxg4 Nxg3 18.
Be3 Nxe2+ 19. Nxe2 Qa6 20. Qxa6 bxa6 21. e5 Rb8 22. Bxa7 Rb4 23. Rc1 Bxg4 24. exd6 exd6 25. Nc3 O-O 26. Nd5 Rb5 27. Ne7+ Kh7 28. Be3 Re8 29.
Nd5 Rxd5 30. Bxd5 Rxe3 31. Bxf7 Bd4 32. Kg2 Kg7 33. Bc4 Bf3+ 34. Kf1 a5 35. Rc2 g5 36.
Rh2 g4 37. Rh5 Kg6 38. Rh8 Bxh8 39. Kf2 Bd4 40. Kg3 Kg5 41. Kf2 Kf4 42. Bf1 g3+ 43. Kg1 Re1# 0-1

[Event "*** SCC Grand Prix: Titled Tuesday Blitz"]
[Site "Chess.com"]
[Date "2020.08.04"]
[Round "2"]
[White "WeAintSurePal"]
[Black "ailime26"]
[Result "1/2-1/2"]
[WhiteElo "2363"]
[BlackElo "1886"]
[TimeControl "180+1"]
[EndTime "14:02:05 PDT"]
[Termination "Game drawn by repetition"]

1. e4 c5 2. Nf3 Nc6 3. Bb5 g6 4.
Bxc6 dxc6 5. d4 cxd4 6. Qxd4 Qxd4 7. Nxd4 Bg7 8. Nb3 Nf6 9. f3 O-O 10. Ke2 Be6 11. Be3 b6 12. Nc3 Rad8 13. Rhd1 c5 14. Rxd8 Rxd8 15. Rd1 Bc4+ 16. Ke1 Rxd1+ 17. Kxd1 Nd7 18.
Nd2 Ba6 19. Kc1 e6 20. a4 Ne5 21. Nb5 Nc6 22. c3 Kf8 23. Bf4 Ke7 24. Kc2 Be5 25. Bxe5 Bxb5 26. axb5 Nxe5 27. Nf1 f5 28. exf5 exf5 29.
Ne3 Kd6 30. b3 Ke6 31. f4 Nd7 32. Kd3 Nf6 33. g3 Ne4 34. b4 Kd6 35. Nc4+ Kd5 36.
Ne3+ Kd6 37. bxc5+ Kxc5 38. c4 Nf2+ 39. Kc3 Ne4+ 40. Kd3 Nf2+ 41. Ke2 Ne4 42. Kd3 1/2-1/2

[Event "*** SCC Grand Prix: Titled Tuesday Blitz"]
[Site "Chess.com"]
[Date "2020.08.04"]
[Round "2"]
[White "Alexander_Moskalenko"]
[Black "Filip_Covic"]
[Result "1-0"]
[WhiteElo "2798"]
[BlackElo "2364"]
[TimeControl "180+1"]
[EndTime "14:02:06 PDT"]
[Termination "Alexander_Moskalenko won by resignation"]

1. e4 e6 2. d4 d5 3. Nc3 Bb4 4. Bd2 Bxc3 5. Bxc3 dxe4 6. Qg4 Nf6 7. Qxg7 Rg8 8. Qh6 Nbd7 9. Ne2 b6 10. h3 Bb7 11.
O-O-O Qe7 12. Ng3 O-O-O 13. a3 Nd5 14. Be1 f5 15. Ne2 e3 16. fxe3 Rg6 17. Qh4 Qg7 18.
Bd2 N7f6 19. Nf4 Nxf4 20. Qxf4 Ne4 21. Rg1 c5 22. g4 cxd4 23. exd4 Qxd4 24. Bd3 Nxd2 25.
Qxd2 Rg7 26. Rge1 fxg4 27. hxg4 Qxg4 28. Kb1 Kb8 29. Qe3 Qg5 30. Qxe6 Bd5 31. Qe2 Qg4 32.
Qe5+ Kb7 33. Be2 Rdd7 34. Bxg4 1-0

[Event "*** SCC Grand Prix: Titled Tuesday Blitz"]
[Site "Chess.com"]
[Date "2020.08.04"]
[Round "2"]
[White "lacafi"]
[Black "Tactictic"]
[Result "0-1"]
[WhiteElo "2024"]
[BlackElo "2393"]
[TimeControl "180+1"]
[EndTime "14:02:07 PDT"]
[Termination "Tactictic won on time"]

1. d4 Nf6 2. Nf3 d5 3. e3 c5 4. c3 Nc6 5. Nbd2 e6 6. Bd3 Bd6 7. Qe2 O-O 8. dxc5 Bxc5 9. e4 b6 10. O-O Bb7 11. e5 Nd7 12. Re1 d4 13. Ne4 dxc3 14.
bxc3 Ndxe5 15. Nxe5 Nxe5 16. Nxc5 bxc5 17. Bxh7+ Kxh7 18. Qxe5 Qd5 19. Qxd5 Bxd5 20. Be3 Rac8 21. Rab1 Rfd8 22. Rb5 Bxa2 23. Rxc5 Rxc5 24. Bxc5 a5 25.
h3 a4 26. Bb4 Bb3 27. g3 Rd2 28. Ra1 Kg6 29. Kf1 Kf5 30. f3 e5 31. Kg1 e4 32.
fxe4+ Kxe4 33. Re1+ Kf3 34. c4 Bxc4 35. Bxd2 a3 36.
Ra1 a2 37. Bf4 Ke2 38. Be5 f6 0-1

[Event "*** SCC Grand Prix: Titled Tuesday Blitz"]
[Site "Chess.com"]
[Date "2020.08.04"]
[Round "2"]
[White "aljado"]
[Black "JMatias"]
[Result "0-1"]
[WhiteElo "2115"]
[BlackElo "2413"]
[TimeControl "180+1"]
[EndTime "14:02:09 PDT"]
[Termination "JMatias won by resignation"]

1. e4 e5 2. Nf3 Nc6 3. Bb5 a6 4. Ba4 Nf6 5. O-O Be7 6. Re1 b5 7. Bb3 d6 8. c3 O-O 9. h3 Nb8 10. d4 Nbd7 11. Bg5 Bb7 12. Nbd2 Re8 13. Bc2 Bf8 14. Nf1 h6 15. Bxf6 Nxf6 16. Ng3 g6 17. dxe5 dxe5 18. Qe2 Bc5 19. a4 c6 20. b4 Bb6 21. Bb3 Kg7 22. Rad1 Qe7 23. Nh4 Bc8 24. Qf3 Ra7 25. Rd2 Nh7 26. a5 Bd8 27. Nhf5+ gxf5 28. Nxf5+ Bxf5 29. Qxf5 Qg5 30. f4 Qxf4 31. Qxf4 exf4 32.
Rd6 Rc7 33. e5 Bh4 34. Re4 Bg3 35. Kf1 Ng5 36. Re2 h5 37. e6 fxe6 38. Re5 Nf7 0-1

[Event "*** SCC Grand Prix: Titled Tuesday Blitz"]
[Site "Chess.com"]
[Date "2020.08.04"]
[Round "2"]
[White "MF1966Idrisov"]
[Black "Joshukid"]
[Result "1/2-1/2"]
[WhiteElo "2331"]
[BlackElo "2715"]
[TimeControl "180+1"]
[EndTime "14:02:10 PDT"]
[Termination "Game drawn - insufficient material"]

1. Nf3 g6 2. d4 Bg7 3. b3 c5 4.
Bb2 cxd4 5. Bxd4 Nf6 6. c4 O-O 7. g3 Nc6 8. Bb2 b6 9. Bg2 Bb7 10.
O-O Qc7 11. Nc3 a6 12. Qd2 Rad8 13. Rac1 Qb8 14. Nd5 Ba8 15. Nxf6+ exf6 16. Nd4 f5 17. Nf3 Ne5 18. Nxe5 Bxg2 19. Kxg2 Bxe5 20. Bxe5 Qxe5 21. Rfd1 Rfe8 22. e3 Re6 23. Qd4 Qc7 24. Rc3 h5 25. h4 d6 26. Rcd3 b5 27. cxb5 axb5 28. a4 Re4 29.
Qf6 bxa4 30. bxa4 Re6 31. Qd4 Ra8 32. Ra3 Qc6+ 33. Qd5 Qa6 34. a5 Re5 35. Qxd6 Qxd6 36. Rxd6 Rexa5 37. Rxa5 Rxa5 38. Rd8+ Kg7 39. Rd2 Ra3 40.
Rc2 Rd3 41. Rb2 Kf6 42. Rc2 Rd6 43. Rb2 Rc6 44. Rd2 Ke5 45. Rb2 f6 46. Rb5+ Ke6 47. Rb2 Rc7 48. Ra2 Kf7 49. Rb2 g5 50. hxg5 fxg5 51.
Rb6 Kg7 52. Rd6 Ra7 53. Rc6 Rf7 54. Rb6 Rf6 55. Rb7+ Kg6 56. Rb8 f4 57. exf4 gxf4 58. Rg8+ Kh7 59. Rg5 Kh6 60. Rc5 fxg3 61. fxg3 Ra6 62.
Kh3 Rg6 63. Rd5 Rg5 64. Rxg5 Kxg5 65. Kg2 Kg4 66. Kh2 h4 67. gxh4 Kxh4 1/2-1/2

[Event "*** SCC Grand Prix: Titled Tuesday Blitz"]
[Site "Chess.com"]
[Date "2020.08.04"]
[Round "2"]
[White "51616516516"]
[Black "Alberquintin"]
[Result "0-1"]
[WhiteElo "2292"]
[BlackElo "2476"]
[TimeControl "180+1"]
[EndTime "14:02:14 PDT"]
[Termination "Alberquintin won on time"]

1. c4 g6 2. d4 Bg7 3. Nf3 Nf6 4. Nc3 d6 5. e4 O-O 6. Be2 Bg4 7. O-O Nfd7 8. Be3 c5 9. h3 Bxf3 10. Bxf3 Nc6 11. dxc5 dxc5 12. g3 Nd4 13. Bg2 Ne5 14. b3 Ndc6 15. Bxc5 Nd3 16. Na4 Nxc5 17. Nxc5 Bxa1 18.
Qxa1 Qd4 19. Nxb7 Qxa1 20. Rxa1 e5 21. f4 Rab8 22. Nd6 Rfd8 23. c5 Kg7 24. Rc1 Nb4 25.
fxe5 Nd3 26. Rc3 Nxe5 27. Kf2 Rd7 28. Bf1 Rc7 29. a3 a5 30. Ba6 Rd8 0-1

[Event "*** SCC Grand Prix: Titled Tuesday Blitz"]
[Site "Chess.com"]
[Date "2020.08.04"]
[Round "2"]
[White "MuradNuri"]
[Black "NotFischer"]
[Result "0-1"]
[WhiteElo "2407"]
[BlackElo "2191"]
[TimeControl "180+1"]
[EndTime "14:02:16 PDT"]
[Termination "NotFischer won by resignation"]

1. e4 d5 2. exd5 Nf6 3. Nf3 Bg4 4. h3 Bxf3 5. Qxf3 Qxd5 6. Qxd5 Nxd5 7. Bc4 Nb6 8. Bb3 Nc6 9. c3 a5 10. d4 a4 11. Bc2 e6 12. O-O Be7 13. Nd2 O-O 14.
Ne4 h6 15. Bf4 Nd5 16. Bg3 f5 17.
Nc5 Bxc5 18. dxc5 a3 19. b4 Nxc3 20. Bb3 Ne2+ 21. Kh2 Ncd4 22. Bxc7 Nxb3 23. axb3 Nd4 24. Be5 Nc2 25. Rac1 Nxb4 26. Rfd1 Rfd8 27. Rxd8+ Rxd8 28. Bd6 a2 29. Ra1 Ra8 30. Be5 Nc2 31. Rd1 a1=Q 32.
Bxa1 Nxa1 33. b4 Nc2 34. b5 Rc8 35. Rc1 Nb4 0-1

[Event "*** SCC Grand Prix: Titled Tuesday Blitz"]
[Site "Chess.com"]
[Date "2020.08.04"]
[Round "2"]
[White "chessuriel"]
[Black "Orest_Vovk"]
[Result "0-1"]
[WhiteElo "2271"]
[BlackElo "2468"]
[TimeControl "180+1"]
[EndTime "14:02:24 PDT"]
[Termination "Orest_Vovk won by checkmate"]

1. e4 g5 2. d4 g4 3. h3 d5 4. exd5 Qxd5 5. hxg4 Nc6 6. Be3 e5 7. Nc3 Bb4 8. Nf3 Bxg4 9. Be2 O-O-O 10. Nd2 Bxe2 11.
Qxe2 Bxc3 12. bxc3 exd4 13. cxd4 Nxd4 14. Qg4+ f5 15.
Qxd4 Qxd4 16. Bxd4 Rxd4 17. Rh5 Ne7 18. O-O-O Rhd8 19. Rxh7 Nc6 20. c3 Ra4 21. Kb2 Ne5 22. Rhh1 Nd3+ 23.
Kb3 b5 24. Rhf1 Nc5+ 25. Kb2 Nd3+ 26. Kb3 Nf4 27. g3 Nd3 28. f4 c5 29. Nb1 c4+ 30.
Kc2 Rxa2# 0-1